San Jose Sharks vs Boston Bruins
Created - Wednesday, October 2, 2024 at 08:03
Goals
|
| San Jose Sharks |
0 |
4 |
0 |
4 |
| Boston Bruins |
0 |
0 |
1 |
1 |
|
Shots
|
| San Jose Sharks |
3 |
17 |
14 |
34 |
| Boston Bruins |
9 |
8 |
7 |
24 |
|
1st period
No Goal
Penalties :
Anthony Mantha (SJS) for Roughing (Double Minor) at 3:48
2nd period
1. San Jose Sharks , Dylan Strome 16 (Rickard Rakell 21, Anthony Mantha 7) at 7:08
2. San Jose Sharks , Dylan Strome 17 (Ivan Barbashev 17, Anthony Mantha 8) at 12:06 (PP)
3. San Jose Sharks , Rickard Rakell 19 (Anthony Mantha 9, Adam Henrique 25) at 12:59
4. San Jose Sharks , Adam Henrique 16 (Anthony Mantha 10, Rickard Rakell 22) at 15:42
Penalties :
Adam Henrique (SJS) for Interference (Minor) at 4:39, Erik Cernak (SJS) for Tripping (Minor) at 4:53, Matt Grzelcyk (BOS) for High sticking (Minor) at 11:21, Angus Crookshank (BOS) for Interference (Minor) at 17:22
3rd period
5. Boston Bruins , Joel Farabee 15 (Michael Rasmussen 10) at 3:20 (PP)
Penalties :
Joel Edmundson (SJS) for Slashing (Double Minor) at 3:19, Alex Vlasic (BOS) for Interference (Minor) at 12:59, Luke Kunin (SJS) for Holding (Minor) at 15:22
Goalie Stats
Ilya Samsonov (SJS), 23 saves from 24 shots - (0.958), W, 3-2-1, 60:00 minutes
Olivier Rodrigue (BOS), 30 saves from 34 shots - (0.882), L, 2-8-2, 60:00 minutes
Players Stats for San Jose Sharks
Player Name G A P +/- PIM S H SB GA TA FO MP PP MP PK MP
------------------------------------------------------------------------------------
Adam Henrique 1 1 2 2 2 3 0 4 0 0 13/21 18:21 2:23 3:36
Anthony Mantha 0 4 4 2 4 3 0 0 0 0 0/1 16:27 2:23 2:10
Christian Dvorak 0 0 0 0 0 3 1 0 1 0 6/7 14:22 0:09 1:53
Christopher Tanev 0 0 0 1 0 0 1 3 0 0 0/0 23:18 2:03 4:58
Dmitry Orlov 0 0 0 2 0 1 1 1 0 0 0/0 14:56 0:00 0:39
Dylan Strome 2 0 2 1 0 5 0 1 2 0 6/15 19:57 2:20 3:47
Erik Cernak 0 0 0 0 2 0 2 1 0 0 0/0 21:57 2:03 3:45
Frederick Gaudreau 0 0 0 0 0 1 1 0 0 0 2/4 7:16 0:00 0:00
Ilya Mikheyev 0 0 0 0 0 0 1 0 0 0 0/1 7:30 0:09 0:00
Ivan Barbashev 0 1 1 1 0 1 2 0 1 1 0/0 15:10 2:11 0:00
Joel Edmundson 0 0 0 1 4 2 1 0 0 0 0/0 20:58 2:40 3:31
Jonathan Drouin 0 0 0 0 0 1 3 0 0 0 0/0 7:16 0:00 0:00
Joseph Veleno 0 0 0 1 0 2 3 0 1 0 0/1 16:26 2:11 1:16
Luke Kunin 0 0 0 0 2 5 2 0 1 0 0/3 14:59 0:00 2:09
Mike Hoffman 0 0 0 0 0 2 0 1 1 0 0/0 12:21 0:00 0:06
Rickard Rakell 1 2 3 2 0 2 4 0 0 1 2/3 17:48 2:23 3:40
Sean Durzi 0 0 0 1 0 3 3 2 0 1 0/0 22:28 2:40 4:42
Simon Nemec 0 0 0 1 0 0 0 1 0 0 0/0 16:29 0:00 2:46
Players Stats for Boston Bruins
Player Name G A P +/- PIM S H SB GA TA FO MP PP MP PK MP
------------------------------------------------------------------------------------
Aatu Raty 0 0 0 0 0 1 0 0 0 0 0/0 9:14 1:01 0:00
Alex Newhook 0 0 0 -1 0 3 0 2 1 0 15/32 17:02 4:59 0:00
Alex Vlasic 0 0 0 0 2 2 0 0 0 1 0/0 20:57 4:29 1:38
Anders Lee 0 0 0 -1 0 1 0 1 0 0 0/0 19:18 4:59 2:16
Angus Crookshank 0 0 0 0 2 1 4 0 0 1 0/0 9:15 0:00 0:00
Anthony Beauvillier 0 0 0 -1 0 1 0 0 0 0 0/0 11:52 1:02 0:06
Cam York 0 0 0 0 0 2 1 0 0 0 0/0 22:00 4:29 2:42
Drew O'Connor 0 0 0 -1 0 0 1 0 0 1 0/0 17:19 4:04 0:00
Jack Studnicka 0 0 0 0 0 0 0 0 0 0 1/2 9:08 0:16 0:00
Joel Farabee 1 0 1 -1 0 4 1 0 0 1 1/1 19:38 4:17 2:05
John-Jason Peterka 0 0 0 -1 0 2 0 0 0 0 0/0 12:00 0:00 0:25
Matt Grzelcyk 0 0 0 -2 2 0 1 0 0 0 0/0 15:04 0:19 0:24
Michael Kesselring 0 0 0 -2 0 0 0 3 0 1 0/0 15:35 0:19 0:54
Michael Rasmussen 0 1 1 -1 0 3 2 0 0 1 6/13 19:46 4:04 2:16
Morgan Geekie 0 0 0 -1 0 2 2 1 0 1 3/7 11:22 0:52 0:00
Nick Perbix 0 0 0 -1 0 1 0 0 1 0 0/0 22:54 5:23 1:37
Ryan Strome 0 0 0 -1 0 0 0 0 0 0 1/1 19:21 4:59 2:18
Tyson Barrie 0 0 0 -1 0 1 0 2 1 0 0/0 23:28 5:23 2:11
3 Stars
1 - Rickard Rakell (SJS)
2 - Dylan Strome (SJS)
3 - Adam Henrique (SJS)
Power Play
San Jose Sharks - 1 on 4 Attempt(s) - 25.00%
Boston Bruins - 1 on 6 Attempt(s) - 16.67%
Penalty Kill
San Jose Sharks - 5 on 6 Attempt(s) - 83.33%
- Score 0 goal in Penalty Kill
Boston Bruins - 3 on 4 Attempt(s) - 75.00%
- Score 0 goal in Penalty Kill
Team Stat
San Jose Sharks - Hits : 25 - Faceoff Wins : 29 - Blocked Shots : 14 - Penalty Minutes : 14
Boston Bruins - Hits : 12 - Faceoff Wins : 27 - Blocked Shots : 9 - Penalty Minutes : 6
Official
Referees : Justin St. Pierre and Dan O'Rourke
Linesman : Tyson Baker and Jonathan Deschamps
Game Notes
11:46 of 3rd period - Penalty Shot by Cam York for Boston Bruins - Stopped by Ilya Samsonov
Finance
Level 1 -- Attendance: 4376 (72.93%) -- Ticket Income $437,600
Level 2 -- Attendance: 3530 (70.60%) -- Ticket Income $211,800
Level 3 -- Attendance: 2362 (78.73%) -- Ticket Income $82,670
Level 4 -- Attendance: 3960 (79.20%) -- Ticket Income $99,000
Luxury Box -- Attendance: 827 (82.70%) -- Ticket Income $165,400
Game was played at the TD Garden.
Total Attendance: 15055 (75.28%)
Total Ticket Income: $996,470
Other Income: $348,764
Total Income: $1,345,234
San Jose Sharks
5 vs 5 Forward
Center Left Wing Right Wing Time % Phy DF OF
1 Adam Henrique Rickard Rakell Anthony Mantha 30 1 2 2
2 Dylan Strome Joseph Veleno Ivan Barbashev 30 1 2 2
3 Christian Dvorak Mike Hoffman Luke Kunin 25 1 2 2
4 Frederick Gaudreau Jonathan Drouin Ilya Mikheyev 15 1 2 2
5 vs 5 Defense
Defense Defense Time % Phy DF OF
1 Erik Cernak Christopher Tanev 35 1 2 2
2 Sean Durzi Joel Edmundson 35 1 2 2
3 Dmitry Orlov Simon Nemec 30 1 2 2
4 Erik Cernak Christopher Tanev 0 1 2 2
PowerPlay Forward
Center Left Wing Right Wing Time % Phy DF OF
1 Adam Henrique Rickard Rakell Anthony Mantha 50 1 2 2
2 Dylan Strome Joseph Veleno Ivan Barbashev 50 1 2 2
PowerPlay Defense
Defense Defense Time % Phy DF OF
1 Erik Cernak Christopher Tanev 50 1 2 2
2 Sean Durzi Joel Edmundson 50 1 2 2
Penalty Kill 4 Players Forward
Center Wing Time % Phy DF OF
1 Adam Henrique Dylan Strome 50 1 2 2
2 Rickard Rakell Anthony Mantha 50 1 2 2
Penalty Kill 4 Players Defense
Defense Defense Time % Phy DF OF
1 Erik Cernak Christopher Tanev 50 1 2 2
2 Sean Durzi Joel Edmundson 50 1 2 2
Penalty Kill - 3 Players Forward
Forward Time % Phy DF OF
1 Adam Henrique 50 1 2 2
2 Dylan Strome 50 1 2 2
Penalty Kill - 3 Players Defense
Defense Defense Time % Phy DF OF
1 Erik Cernak Christopher Tanev 50 1 2 2
2 Sean Durzi Joel Edmundson 50 1 2 2
4 vs 4 Forward
Center Wing Time % Phy DF OF
1 Adam Henrique Dylan Strome 50 1 2 2
2 Rickard Rakell Anthony Mantha 50 1 2 2
4 vs 4 Defense
Defense Defense Time % Phy DF OF
1 Erik Cernak Christopher Tanev 50 1 2 2
2 Sean Durzi Joel Edmundson 50 1 2 2
Last Minutes Offensive
Center Left Wing Right Wing Defense Defense
Adam Henrique Rickard Rakell Anthony Mantha Erik Cernak Christopher Tanev
Last Minutes Defensive
Center Left Wing Right Wing Defense Defense
Adam Henrique Rickard Rakell Anthony Mantha Erik Cernak Christopher Tanev
Goaltenders
Starting : Ilya Samsonov
Backup : Logan Thompson
Extra Forwards
Normal : Adam Henrique, Christian Dvorak, Luke Kunin - PP : Adam Henrique, Christian Dvorak - PK : Luke Kunin
Extra Defensemen
Normal : Dmitry Orlov, Simon Nemec, Sean Durzi - PP : Dmitry Orlov - PK : Simon Nemec, Sean Durzi
Penalty Shots
Adam Henrique, Dylan Strome, Rickard Rakell, Anthony Mantha, Ivan Barbashev
Scratches
Brett Howden (Healthy), Victor Olofsson (Healthy), Tobias Bjornfot (Healthy), Sam Lafferty (Healthy), Clay Stevenson (Healthy)
Boston Bruins
5 vs 5 Forward
Center Left Wing Right Wing Time % Phy DF OF
1 Alex Newhook Anders Lee Ryan Strome 30 1 2 2
2 Michael Rasmussen Drew O'Connor Joel Farabee 30 1 2 2
3 Morgan Geekie Anthony Beauvillier John-Jason Peterka 25 1 2 2
4 Jack Studnicka Angus Crookshank Aatu Raty 15 1 2 2
5 vs 5 Defense
Defense Defense Time % Phy DF OF
1 Cam York Alex Vlasic 35 1 2 2
2 Tyson Barrie Nick Perbix 35 1 2 2
3 Matt Grzelcyk Michael Kesselring 30 1 2 2
4 Cam York Alex Vlasic 0 1 2 2
PowerPlay Forward
Center Left Wing Right Wing Time % Phy DF OF
1 Alex Newhook Anders Lee Ryan Strome 50 1 2 2
2 Michael Rasmussen Drew O'Connor Joel Farabee 50 1 2 2
PowerPlay Defense
Defense Defense Time % Phy DF OF
1 Cam York Alex Vlasic 50 1 2 2
2 Tyson Barrie Nick Perbix 50 1 2 2
Penalty Kill 4 Players Forward
Center Wing Time % Phy DF OF
1 Michael Rasmussen Ryan Strome 50 1 2 2
2 Joel Farabee Anders Lee 50 1 2 2
Penalty Kill 4 Players Defense
Defense Defense Time % Phy DF OF
1 Cam York Alex Vlasic 50 1 2 2
2 Tyson Barrie Nick Perbix 50 1 2 2
Penalty Kill - 3 Players Forward
Forward Time % Phy DF OF
1 Anders Lee 50 1 2 2
2 Ryan Strome 50 1 2 2
Penalty Kill - 3 Players Defense
Defense Defense Time % Phy DF OF
1 Cam York Alex Vlasic 50 1 2 2
2 Tyson Barrie Nick Perbix 50 1 2 2
4 vs 4 Forward
Center Wing Time % Phy DF OF
1 Morgan Geekie Ryan Strome 50 1 2 2
2 Joel Farabee Anders Lee 50 1 2 2
4 vs 4 Defense
Defense Defense Time % Phy DF OF
1 Cam York Alex Vlasic 50 1 2 2
2 Tyson Barrie Nick Perbix 50 1 2 2
Last Minutes Offensive
Center Left Wing Right Wing Defense Defense
Alex Newhook Anders Lee Ryan Strome Cam York Alex Vlasic
Last Minutes Defensive
Center Left Wing Right Wing Defense Defense
Alex Newhook Anders Lee Ryan Strome Cam York Alex Vlasic
Goaltenders
Starting : Olivier Rodrigue
Backup : Pyotr Kochetkov
Extra Forwards
Normal : Aatu Raty, Morgan Geekie, John-Jason Peterka - PP : Aatu Raty, Morgan Geekie - PK : John-Jason Peterka
Extra Defensemen
Normal : Matt Grzelcyk, Michael Kesselring, Tyson Barrie - PP : Matt Grzelcyk - PK : Michael Kesselring, Tyson Barrie
Penalty Shots
John-Jason Peterka, Ryan Strome, Joel Farabee, Anders Lee, Michael Rasmussen
Scratches
Brandt Clarke (Healthy), Fabian Lysell (Healthy), Samuel Bolduc (Healthy), Jacob Moverare (Healthy), John Ludvig (Healthy)
% Time on Ice - San Jose Sharks
Lines # - Real PCT - Wanted PCT - Time Play
Normal Forward
1 - 27% - 30% - 12:23
2 - 29% - 30% - 13:12
3 - 27% - 25% - 12:15
4 - 16% - 15% - 7:16
Normal Defense
1 - 36% - 35% - 16:17
2 - 33% - 35% - 15:06
3 - 30% - 30% - 13:43
4 - 0% - 0% - 0:00
PP Forward
1 - 51% - 50% - 2:23
2 - 49% - 50% - 2:20
PP Defense
1 - 43% - 50% - 2:03
2 - 57% - 50% - 2:40
PK Forward
1 - 47% - 50% - 3:56
2 - 53% - 50% - 4:30
PK Defense
1 - 54% - 50% - 4:31
2 - 46% - 50% - 3:55
PK3 Forward
1 - 85% - 50% - 1:29
2 - 15% - 50% - 0:16
PK3 Defense
1 - 55% - 50% - 0:58
2 - 45% - 50% - 0:47
44 Forward
1 - 0% - 50%
2 - 0% - 50%
44 Defense
1 - 0% - 50%
2 - 0% - 50%
Last Minute Offensive - 0:00
Last Minute Defensive - 0:00
Total
Forward - 60:00
Defense - 60:00
|
% Time on Ice - Boston Bruins
Lines # - Real PCT - Wanted PCT - Time Play
Normal Forward
1 - 27% - 30% - 12:04
2 - 30% - 30% - 13:40
3 - 23% - 25% - 10:30
4 - 20% - 15% - 8:52
Normal Defense
1 - 33% - 35% - 14:52
2 - 35% - 35% - 15:54
3 - 32% - 30% - 14:20
4 - 0% - 0% - 0:00
PP Forward
1 - 56% - 50% - 5:42
2 - 44% - 50% - 4:29
PP Defense
1 - 47% - 50% - 4:48
2 - 53% - 50% - 5:23
PK Forward
1 - 49% - 50% - 2:18
2 - 51% - 50% - 2:25
PK Defense
1 - 66% - 50% - 3:06
2 - 34% - 50% - 1:37
PK3 Forward
1 - 0% - 50%
2 - 0% - 50%
PK3 Defense
1 - 0% - 50%
2 - 0% - 50%
44 Forward
1 - 0% - 50%
2 - 0% - 50%
44 Defense
1 - 0% - 50%
2 - 0% - 50%
Last Minute Offensive - 0:00
Last Minute Defensive - 0:00
Total
Forward - 60:00
Defense - 60:00
|
Play-by-Play
1st period
0:01 of 1st period - Adam Henrique wins face-off versus Alex Newhook in neutral zone.
0:59 of 1st period - Slapshot by Christian Dvorak.
0:59 of 1st period - Shot Misses the Net.
2:19 of 1st period - Wrist shot by Christian Dvorak.
2:19 of 1st period - Stopped by Olivier Rodrigue without a rebound.
2:20 of 1st period - Christian Dvorak wins face-off versus Michael Rasmussen in Boston Bruins zone.
2:47 of 1st period - Snap shot by Drew O'Connor.
2:47 of 1st period - Shot Blocked by Christopher Tanev.
2:49 of 1st period - Slapshot by Cam York.
2:49 of 1st period - Shot Blocked by Christopher Tanev.
2:51 of 1st period - Slapshot by Alex Vlasic.
2:51 of 1st period - Shot Misses the Net.
3:03 of 1st period - Wrist shot by Michael Rasmussen.
3:03 of 1st period - Stopped by Ilya Samsonov with a rebound.
3:11 of 1st period - Slapshot by Joel Farabee.
3:11 of 1st period - Stopped by Ilya Samsonov with a rebound.
3:15 of 1st period - Backhand shot by Joel Farabee.
3:15 of 1st period - Stopped by Ilya Samsonov with a rebound.
3:31 of 1st period - Wrist shot by Joel Farabee.
3:31 of 1st period - Shot Misses the Net.
3:33 of 1st period - Slapshot by Michael Rasmussen.
3:33 of 1st period - Stopped by Ilya Samsonov without a rebound.
3:34 of 1st period - Alex Newhook wins face-off versus Adam Henrique in San Jose Sharks zone.
3:45 of 1st period - Snap shot by Anders Lee.
3:45 of 1st period - Stopped by Ilya Samsonov without a rebound.
3:46 of 1st period - Adam Henrique wins face-off versus Alex Newhook in San Jose Sharks zone.
3:48 of 1st period - Double Minor Penalty to Anthony Mantha for Roughing.
3:49 of 1st period - Adam Henrique wins face-off versus Alex Newhook in San Jose Sharks zone.
4:03 of 1st period - Snap shot by Alex Newhook.
4:03 of 1st period - Stopped by Ilya Samsonov with a rebound.
4:05 of 1st period - Snap shot by Anders Lee.
4:05 of 1st period - Shot Blocked by Erik Cernak.
6:13 of 1st period - Joel Edmundson is hit by Michael Rasmussen and loses puck.
6:55 of 1st period - Anders Lee is hit by Rickard Rakell and loses puck.
7:48 of 1st period - Penalty to Anthony Mantha is over, Anthony Mantha is back on ice.
8:27 of 1st period - Matt Grzelcyk is hit by Jonathan Drouin and loses puck.
8:36 of 1st period - Ilya Mikheyev is hit by Angus Crookshank.
9:31 of 1st period - Ryan Strome is hit by Joel Edmundson and loses puck.
10:07 of 1st period - Anthony Beauvillier is hit by Christian Dvorak and loses puck.
10:30 of 1st period - Michael Rasmussen is hit by Erik Cernak.
10:34 of 1st period - Drew O'Connor is hit by Frederick Gaudreau and loses puck.
10:45 of 1st period - Adam Henrique is hit by Angus Crookshank and loses puck.
11:27 of 1st period - Tyson Barrie is hit by Ilya Mikheyev and loses puck.
11:40 of 1st period - Icing by Sean Durzi.
11:41 of 1st period - Christian Dvorak wins face-off versus Michael Rasmussen in San Jose Sharks zone.
12:07 of 1st period - Wrist shot by Morgan Geekie.
12:07 of 1st period - Shot Blocked by Simon Nemec.
12:09 of 1st period - Snap shot by John-Jason Peterka.
12:09 of 1st period - Stopped by Ilya Samsonov with a rebound.
12:30 of 1st period - Wrist shot by Christian Dvorak.
12:30 of 1st period - Stopped by Olivier Rodrigue with a rebound.
12:58 of 1st period - Slapshot by Aatu Raty.
12:58 of 1st period - Shot Misses the Net.
13:34 of 1st period - Snap shot by Angus Crookshank.
13:34 of 1st period - Shot Misses the Net.
13:46 of 1st period - Slapshot by Angus Crookshank.
13:46 of 1st period - Shot Blocked by Sean Durzi.
13:48 of 1st period - Slapshot by Matt Grzelcyk.
13:48 of 1st period - Shot Misses the Net.
14:18 of 1st period - Backhand shot by Angus Crookshank.
14:18 of 1st period - Stopped by Ilya Samsonov without a rebound.
14:19 of 1st period - Alex Newhook wins face-off versus Joseph Veleno in San Jose Sharks zone.
14:22 of 1st period - Snap shot by Alex Newhook.
14:22 of 1st period - Stopped by Ilya Samsonov with a rebound.
14:44 of 1st period - Tyson Barrie is hit by Erik Cernak and loses puck.
15:32 of 1st period - Snap shot by Ivan Barbashev.
15:32 of 1st period - Shot Blocked by Morgan Geekie.
16:17 of 1st period - Icing by Jonathan Drouin.
16:18 of 1st period - Morgan Geekie wins face-off versus Frederick Gaudreau in San Jose Sharks zone.
16:33 of 1st period - Alex Vlasic is hit by Rickard Rakell and loses puck.
17:54 of 1st period - Ilya Mikheyev is hit by Matt Grzelcyk and loses puck.
18:06 of 1st period - Off-side.
18:07 of 1st period - Adam Henrique wins face-off versus Michael Rasmussen in neutral zone.
18:12 of 1st period - Michael Rasmussen is hit by Rickard Rakell and loses puck.
18:28 of 1st period - Off-side.
18:29 of 1st period - Alex Newhook wins face-off versus Frederick Gaudreau in neutral zone.
18:51 of 1st period - Icing by Cam York.
18:52 of 1st period - Dylan Strome wins face-off versus Alex Newhook in Boston Bruins zone.
19:44 of 1st period - Wrist shot by Luke Kunin.
19:44 of 1st period - Stopped by Olivier Rodrigue with a rebound.
Goals for this period are 0 for San Jose Sharks vs 0 for Boston Bruins.
Shots for this period are 3 for San Jose Sharks vs 9 for Boston Bruins.
2nd period
0:01 of 2nd period - Alex Newhook wins face-off versus Dylan Strome in neutral zone.
0:04 of 2nd period - Snap shot by Anders Lee.
0:04 of 2nd period - Shot Blocked by Dylan Strome.
0:06 of 2nd period - Slapshot by Tyson Barrie.
0:06 of 2nd period - Shot Blocked by Sean Durzi.
0:11 of 2nd period - Icing by Dylan Strome.
0:12 of 2nd period - Alex Newhook wins face-off versus Dylan Strome in San Jose Sharks zone.
0:19 of 2nd period - Snap shot by Alex Newhook.
0:19 of 2nd period - Deflect By Ryan Strome.
0:19 of 2nd period - Shot Hit the Post.
0:19 of 2nd period - Puck is out of play.
0:20 of 2nd period - Adam Henrique wins face-off versus Alex Newhook in San Jose Sharks zone.
0:46 of 2nd period - Icing by Ivan Barbashev.
0:47 of 2nd period - Dylan Strome wins face-off versus Morgan Geekie in San Jose Sharks zone.
0:55 of 2nd period - Icing by Joseph Veleno.
0:56 of 2nd period - Alex Newhook wins face-off versus Dylan Strome in San Jose Sharks zone.
1:46 of 2nd period - Joel Farabee is hit by Ivan Barbashev and loses puck.
2:20 of 2nd period - Michael Rasmussen is hit by Joseph Veleno and loses puck.
3:16 of 2nd period - Drew O'Connor is hit by Ivan Barbashev and loses puck.
3:23 of 2nd period - Wrist shot by Dylan Strome.
3:23 of 2nd period - Stopped by Olivier Rodrigue with a rebound.
3:26 of 2nd period - Icing by Cam York.
3:27 of 2nd period - Adam Henrique wins face-off versus Michael Rasmussen in Boston Bruins zone.
3:28 of 2nd period - Snap shot by Anthony Mantha.
3:28 of 2nd period - Shot Misses the Net.
3:38 of 2nd period - Slapshot by Anthony Mantha.
3:38 of 2nd period - Shot Misses the Net.
3:59 of 2nd period - Backhand shot by Christian Dvorak.
3:59 of 2nd period - Shot Blocked by Tyson Barrie.
4:01 of 2nd period - Snap shot by Christopher Tanev.
4:01 of 2nd period - Shot Blocked by Anders Lee.
4:16 of 2nd period - Jonathan Drouin is hit by Morgan Geekie and loses puck.
4:39 of 2nd period - Minor Penalty to Adam Henrique for Interference.
4:40 of 2nd period - Rickard Rakell wins face-off versus Alex Newhook in San Jose Sharks zone.
4:53 of 2nd period - Minor Penalty to Erik Cernak for Tripping.
4:54 of 2nd period - Alex Newhook wins face-off versus Luke Kunin in San Jose Sharks zone.
5:10 of 2nd period - Snap shot by Alex Newhook.
5:10 of 2nd period - Deflect By Ryan Strome.
5:10 of 2nd period - Shot Misses the Net.
5:10 of 2nd period - Puck is out of play.
5:11 of 2nd period - Alex Newhook wins face-off versus Luke Kunin in San Jose Sharks zone.
5:33 of 2nd period - Slapshot by Christian Dvorak.
5:33 of 2nd period - Stopped by Olivier Rodrigue without a rebound.
5:34 of 2nd period - Christian Dvorak wins face-off versus Alex Newhook in Boston Bruins zone.
5:35 of 2nd period - Slapshot by Sean Durzi.
5:35 of 2nd period - Stopped by Olivier Rodrigue without a rebound.
5:36 of 2nd period - Christian Dvorak wins face-off versus Alex Newhook in Boston Bruins zone.
5:37 of 2nd period - Slapshot by Sean Durzi.
5:37 of 2nd period - Shot Blocked by Alex Newhook.
6:39 of 2nd period - Penalty to Adam Henrique is over, Adam Henrique is back on ice.
6:53 of 2nd period - Penalty to Erik Cernak is over, Erik Cernak is back on ice.
7:08 of 2nd period - Snap shot by Dylan Strome.
7:08 of 2nd period - Goal by Dylan Strome - San Jose Sharks : 1 - Boston Bruins : 0.
7:09 of 2nd period - Alex Newhook wins face-off versus Rickard Rakell in neutral zone.
7:24 of 2nd period - Slapshot by Ryan Strome.
7:24 of 2nd period - Shot Blocked by Adam Henrique.
7:34 of 2nd period - Simon Nemec is hit by Joel Farabee and loses puck.
7:45 of 2nd period - Snap shot by Adam Henrique.
7:45 of 2nd period - Shot Blocked by Tyson Barrie.
7:47 of 2nd period - Slapshot by Erik Cernak.
7:47 of 2nd period - Deflect By Anthony Mantha.
7:47 of 2nd period - Stopped by Olivier Rodrigue with a rebound.
7:49 of 2nd period - Wrist shot by Adam Henrique.
7:49 of 2nd period - Stopped by Olivier Rodrigue without a rebound.
7:50 of 2nd period - Dylan Strome wins face-off versus Alex Newhook in Boston Bruins zone.
7:58 of 2nd period - Icing by Michael Kesselring.
7:59 of 2nd period - Alex Newhook wins face-off versus Dylan Strome in Boston Bruins zone.
8:51 of 2nd period - Snap shot by Ivan Barbashev.
8:51 of 2nd period - Shot Blocked by Michael Kesselring.
8:53 of 2nd period - Snap shot by Ivan Barbashev.
8:53 of 2nd period - Stopped by Olivier Rodrigue with a rebound.
8:55 of 2nd period - Snap shot by Ivan Barbashev.
8:55 of 2nd period - Shot Misses the Net.
8:57 of 2nd period - Backhand shot by Dylan Strome.
8:57 of 2nd period - Shot Misses the Net.
8:59 of 2nd period - Wrist shot by Joseph Veleno.
8:59 of 2nd period - Shot Misses the Net.
9:01 of 2nd period - Snap shot by Dylan Strome.
9:01 of 2nd period - Shot Misses the Net.
9:03 of 2nd period - Wrist shot by Christopher Tanev.
9:03 of 2nd period - Shot Misses the Net.
9:05 of 2nd period - Wrist shot by Dylan Strome.
9:05 of 2nd period - Shot Blocked by Michael Kesselring.
9:07 of 2nd period - Wrist shot by Joseph Veleno.
9:07 of 2nd period - Deflect By Dylan Strome.
9:07 of 2nd period - Shot Misses the Net.
9:07 of 2nd period - Puck is out of play.
9:08 of 2nd period - Morgan Geekie wins face-off versus Adam Henrique in Boston Bruins zone.
9:23 of 2nd period - Snap shot by Morgan Geekie.
9:23 of 2nd period - Stopped by Ilya Samsonov with a rebound.
9:33 of 2nd period - Simon Nemec is hit by Angus Crookshank and loses puck.
9:38 of 2nd period - Slapshot by Cam York.
9:38 of 2nd period - Stopped by Ilya Samsonov with a rebound.
9:40 of 2nd period - Slapshot by Alex Vlasic.
9:40 of 2nd period - Shot Blocked by Adam Henrique.
9:42 of 2nd period - Wrist shot by Aatu Raty.
9:42 of 2nd period - Stopped by Ilya Samsonov with a rebound.
9:44 of 2nd period - Slapshot by Alex Vlasic.
9:44 of 2nd period - Deflect By Adam Henrique.
9:44 of 2nd period - Stopped by Ilya Samsonov with a rebound.
10:02 of 2nd period - Wrist shot by Mike Hoffman.
10:02 of 2nd period - Shot Hit the Post.
10:04 of 2nd period - Snap shot by Mike Hoffman.
10:04 of 2nd period - Shot Misses the Net.
10:06 of 2nd period - Snap shot by Luke Kunin.
10:06 of 2nd period - Shot Misses the Net.
10:08 of 2nd period - Slapshot by Luke Kunin.
10:08 of 2nd period - Shot Misses the Net.
11:01 of 2nd period - Icing by Luke Kunin.
11:02 of 2nd period - Christian Dvorak wins face-off versus Morgan Geekie in San Jose Sharks zone.
11:02 of 2nd period - Christian Dvorak is hit by Morgan Geekie.
11:08 of 2nd period - Snap shot by Sean Durzi.
11:08 of 2nd period - Shot Blocked by Michael Kesselring.
11:21 of 2nd period - Minor Penalty to Matt Grzelcyk for High sticking.
11:22 of 2nd period - Michael Rasmussen wins face-off versus Adam Henrique in Boston Bruins zone.
12:06 of 2nd period - Wrist shot by Dylan Strome.
12:06 of 2nd period - Goal by Dylan Strome - San Jose Sharks : 2 - Boston Bruins : 0.
12:07 of 2nd period - Alex Newhook wins face-off versus Luke Kunin in neutral zone.
12:10 of 2nd period - Snap shot by Alex Newhook.
12:10 of 2nd period - Shot Blocked by Mike Hoffman.
12:12 of 2nd period - Wrist shot by Ryan Strome.
12:12 of 2nd period - Deflect By Alex Newhook.
12:12 of 2nd period - Stopped by Ilya Samsonov without a rebound.
12:13 of 2nd period - Christian Dvorak wins face-off versus Alex Newhook in San Jose Sharks zone.
12:47 of 2nd period - Slapshot by Adam Henrique.
12:47 of 2nd period - Deflect By Anthony Mantha.
12:47 of 2nd period - Stopped by Olivier Rodrigue without a rebound.
12:48 of 2nd period - Adam Henrique wins face-off versus Michael Rasmussen in Boston Bruins zone.
12:59 of 2nd period - Wrist shot by Rickard Rakell.
12:59 of 2nd period - Goal by Rickard Rakell - San Jose Sharks : 3 - Boston Bruins : 0.
13:00 of 2nd period - Adam Henrique wins face-off versus Alex Newhook in neutral zone.
13:06 of 2nd period - Wrist shot by Rickard Rakell.
13:06 of 2nd period - Shot Misses the Net.
13:08 of 2nd period - Slapshot by Simon Nemec.
13:08 of 2nd period - Deflect By Rickard Rakell.
13:08 of 2nd period - Stopped by Olivier Rodrigue with a rebound.
13:35 of 2nd period - Snap shot by Anthony Beauvillier.
13:35 of 2nd period - Stopped by Ilya Samsonov with a rebound.
13:37 of 2nd period - Backhand shot by Morgan Geekie.
13:37 of 2nd period - Stopped by Ilya Samsonov with a rebound.
13:39 of 2nd period - Slapshot by Nick Perbix.
13:39 of 2nd period - Deflect By Luke Kunin.
13:39 of 2nd period - Stopped by Ilya Samsonov with a rebound.
13:58 of 2nd period - Slapshot by Joseph Veleno.
13:58 of 2nd period - Stopped by Olivier Rodrigue with a rebound.
14:00 of 2nd period - Wrist shot by Dmitry Orlov.
14:00 of 2nd period - Stopped by Olivier Rodrigue with a rebound.
15:04 of 2nd period - Wrist shot by Christian Dvorak.
15:04 of 2nd period - Shot Misses the Net.
15:40 of 2nd period - Wrist shot by Rickard Rakell.
15:40 of 2nd period - Deflect By Anthony Mantha.
15:40 of 2nd period - Stopped by Olivier Rodrigue with a rebound.
15:42 of 2nd period - Snap shot by Adam Henrique.
15:42 of 2nd period - Goal by Adam Henrique - San Jose Sharks : 4 - Boston Bruins : 0.
15:43 of 2nd period - Alex Newhook wins face-off versus Adam Henrique in neutral zone.
16:33 of 2nd period - Slapshot by Luke Kunin.
16:33 of 2nd period - Stopped by Olivier Rodrigue with a rebound.
16:36 of 2nd period - Icing by Matt Grzelcyk.
16:37 of 2nd period - Jack Studnicka wins face-off versus Anthony Mantha in Boston Bruins zone.
16:37 of 2nd period - Jack Studnicka is hit by Dmitry Orlov.
16:51 of 2nd period - Snap shot by Anthony Mantha.
16:51 of 2nd period - Shot Misses the Net.
17:22 of 2nd period - Minor Penalty to Angus Crookshank for Interference.
17:23 of 2nd period - Michael Rasmussen wins face-off versus Dylan Strome in Boston Bruins zone.
17:50 of 2nd period - Anders Lee is hit by Sean Durzi and loses puck.
19:22 of 2nd period - Penalty to Angus Crookshank is over, Angus Crookshank is back on ice.
19:37 of 2nd period - Wrist shot by Jonathan Drouin.
19:37 of 2nd period - Shot Misses the Net.
19:39 of 2nd period - Slapshot by Jonathan Drouin.
19:39 of 2nd period - Stopped by Olivier Rodrigue with a rebound.
19:41 of 2nd period - Slapshot by Simon Nemec.
19:41 of 2nd period - Shot Misses the Net.
19:55 of 2nd period - Tyson Barrie is hit by Luke Kunin and loses puck.
Goals for this period are 4 for San Jose Sharks vs 0 for Boston Bruins.
Shots for this period are 17 for San Jose Sharks vs 8 for Boston Bruins.
3rd period
0:01 of 3rd period - Alex Newhook wins face-off versus Adam Henrique in neutral zone.
0:04 of 3rd period - Backhand shot by Alex Newhook.
0:04 of 3rd period - Shot Misses the Net.
0:16 of 3rd period - Snap shot by Alex Newhook.
0:16 of 3rd period - Shot Blocked by Adam Henrique.
1:08 of 3rd period - Alex Vlasic is hit by Jonathan Drouin and loses puck.
1:16 of 3rd period - Off-side.
1:17 of 3rd period - Adam Henrique wins face-off versus Alex Newhook in neutral zone.
1:20 of 3rd period - Snap shot by Rickard Rakell.
1:20 of 3rd period - Shot Misses the Net.
1:42 of 3rd period - John-Jason Peterka is hit by Joseph Veleno and loses puck.
2:03 of 3rd period - Wrist shot by Luke Kunin.
2:03 of 3rd period - Stopped by Olivier Rodrigue with a rebound.
2:07 of 3rd period - Wrist shot by Luke Kunin.
2:07 of 3rd period - Stopped by Olivier Rodrigue with a rebound.
2:29 of 3rd period - Snap shot by Jonathan Drouin.
2:29 of 3rd period - Deflect By Ilya Mikheyev.
2:29 of 3rd period - Deflect By Matt Grzelcyk.
2:29 of 3rd period - Shot Misses the Net.
2:29 of 3rd period - Puck is out of play.
2:30 of 3rd period - Adam Henrique wins face-off versus Jack Studnicka in Boston Bruins zone.
2:44 of 3rd period - Slapshot by Alex Vlasic.
2:44 of 3rd period - Stopped by Ilya Samsonov with a rebound.
2:46 of 3rd period - Backhand shot by Jack Studnicka.
2:46 of 3rd period - Shot Misses the Net.
2:48 of 3rd period - Slapshot by Cam York.
2:48 of 3rd period - Stopped by Ilya Samsonov with a rebound.
2:50 of 3rd period - Snap shot by Aatu Raty.
2:50 of 3rd period - Deflect By Anthony Mantha.
2:50 of 3rd period - Shot Hit the Post.
2:50 of 3rd period - Puck is out of play.
2:51 of 3rd period - Alex Newhook wins face-off versus Dylan Strome in San Jose Sharks zone.
2:58 of 3rd period - Wrist shot by Ivan Barbashev.
2:58 of 3rd period - Shot Misses the Net.
3:00 of 3rd period - Wrist shot by Dylan Strome.
3:00 of 3rd period - Shot Misses the Net.
3:02 of 3rd period - Slapshot by Joseph Veleno.
3:02 of 3rd period - Shot Blocked by Alex Newhook.
3:04 of 3rd period - Slapshot by Sean Durzi.
3:04 of 3rd period - Stopped by Olivier Rodrigue without a rebound.
3:05 of 3rd period - Adam Henrique wins face-off versus Morgan Geekie in Boston Bruins zone.
3:10 of 3rd period - Wrist shot by Adam Henrique.
3:10 of 3rd period - Shot Misses the Net.
3:19 of 3rd period - Double Minor Penalty to Joel Edmundson for Slashing.
3:20 of 3rd period - Michael Rasmussen wins face-off versus Adam Henrique in San Jose Sharks zone.
3:20 of 3rd period - Slapshot by Joel Farabee.
3:20 of 3rd period - Goal by Joel Farabee - San Jose Sharks : 4 - Boston Bruins : 1.
3:21 of 3rd period - Michael Rasmussen wins face-off versus Adam Henrique in neutral zone.
3:32 of 3rd period - Wrist shot by Joel Farabee.
3:32 of 3rd period - Shot Misses the Net.
5:01 of 3rd period - Christopher Tanev is hit by Michael Rasmussen and loses puck.
5:20 of 3rd period - Penalty to Joel Edmundson is over, Joel Edmundson is back on ice.
6:01 of 3rd period - Snap shot by Jack Studnicka.
6:01 of 3rd period - Shot Blocked by Dmitry Orlov.
6:19 of 3rd period - Morgan Geekie is hit by Jonathan Drouin and loses puck.
6:50 of 3rd period - Snap shot by Adam Henrique.
6:50 of 3rd period - Stopped by Olivier Rodrigue with a rebound.
7:14 of 3rd period - Snap shot by Frederick Gaudreau.
7:14 of 3rd period - Stopped by Olivier Rodrigue without a rebound.
7:15 of 3rd period - Michael Rasmussen wins face-off versus Ilya Mikheyev in Boston Bruins zone.
7:20 of 3rd period - Drew O'Connor is hit by Christopher Tanev and loses puck.
7:41 of 3rd period - Snap shot by Alex Newhook.
7:41 of 3rd period - Shot Misses the Net.
7:43 of 3rd period - Slapshot by Anders Lee.
7:43 of 3rd period - Shot Misses the Net.
7:45 of 3rd period - Slapshot by Cam York.
7:45 of 3rd period - Shot Blocked by Adam Henrique.
8:04 of 3rd period - Off-side.
8:05 of 3rd period - Dylan Strome wins face-off versus Alex Newhook in neutral zone.
8:14 of 3rd period - Slapshot by Dylan Strome.
8:14 of 3rd period - Stopped by Olivier Rodrigue without a rebound.
8:15 of 3rd period - Dylan Strome wins face-off versus Alex Newhook in Boston Bruins zone.
8:26 of 3rd period - Slapshot by Ivan Barbashev.
8:26 of 3rd period - Deflect By Dylan Strome.
8:26 of 3rd period - Stopped by Olivier Rodrigue with a rebound.
8:28 of 3rd period - Slapshot by Joseph Veleno.
8:28 of 3rd period - Stopped by Olivier Rodrigue without a rebound.
8:29 of 3rd period - Adam Henrique wins face-off versus Michael Rasmussen in Boston Bruins zone.
9:02 of 3rd period - Wrist shot by John-Jason Peterka.
9:02 of 3rd period - Stopped by Ilya Samsonov without a rebound.
9:03 of 3rd period - Dylan Strome wins face-off versus Alex Newhook in San Jose Sharks zone.
9:31 of 3rd period - Snap shot by Joseph Veleno.
9:31 of 3rd period - Shot Misses the Net.
9:33 of 3rd period - Slapshot by Christian Dvorak.
9:33 of 3rd period - Shot Misses the Net.
9:35 of 3rd period - Snap shot by Mike Hoffman.
9:35 of 3rd period - Stopped by Olivier Rodrigue without a rebound.
9:36 of 3rd period - Michael Rasmussen wins face-off versus Christian Dvorak in Boston Bruins zone.
9:36 of 3rd period - Michael Rasmussen is hit by Sean Durzi.
9:48 of 3rd period - Snap shot by Sean Durzi.
9:48 of 3rd period - Shot Misses the Net.
9:55 of 3rd period - Wrist shot by Joel Edmundson.
9:55 of 3rd period - Stopped by Olivier Rodrigue with a rebound.
9:57 of 3rd period - Slapshot by Joel Edmundson.
9:57 of 3rd period - Deflect By Drew O'Connor.
9:57 of 3rd period - Stopped by Olivier Rodrigue with a rebound.
9:59 of 3rd period - Slapshot by Sean Durzi.
9:59 of 3rd period - Stopped by Olivier Rodrigue with a rebound.
10:01 of 3rd period - Backhand shot by Mike Hoffman.
10:01 of 3rd period - Stopped by Olivier Rodrigue with a rebound.
10:13 of 3rd period - Slapshot by Michael Rasmussen.
10:13 of 3rd period - Stopped by Ilya Samsonov with a rebound.
11:19 of 3rd period - Wrist shot by Luke Kunin.
11:19 of 3rd period - Stopped by Olivier Rodrigue without a rebound.
11:20 of 3rd period - Ryan Strome wins face-off versus Adam Henrique in Boston Bruins zone.
11:46 of 3rd period - Penalty Shot by Cam York for Boston Bruins.
11:46 of 3rd period - Snap shot by Cam York.
11:46 of 3rd period - Stopped by Ilya Samsonov.
11:47 of 3rd period - Morgan Geekie wins face-off versus Dylan Strome in Boston Bruins zone.
12:14 of 3rd period - Christopher Tanev is hit by Angus Crookshank and loses puck.
12:41 of 3rd period - Snap shot by Ilya Mikheyev.
12:41 of 3rd period - Shot Misses the Net.
12:59 of 3rd period - Minor Penalty to Alex Vlasic for Interference.
13:00 of 3rd period - Joel Farabee wins face-off versus Dylan Strome in Boston Bruins zone.
13:00 of 3rd period - Joel Farabee is hit by Joseph Veleno.
13:33 of 3rd period - Ryan Strome is hit by Rickard Rakell and loses puck.
14:59 of 3rd period - Penalty to Alex Vlasic is over, Alex Vlasic is back on ice.
15:22 of 3rd period - Minor Penalty to Luke Kunin for Holding.
15:23 of 3rd period - Adam Henrique wins face-off versus Michael Rasmussen in San Jose Sharks zone.
15:32 of 3rd period - Wrist shot by Drew O'Connor.
15:32 of 3rd period - Shot Misses the Net.
15:34 of 3rd period - Wrist shot by Drew O'Connor.
15:34 of 3rd period - Deflect By Joel Farabee.
15:34 of 3rd period - Shot Blocked by Christopher Tanev.
15:34 of 3rd period - Puck is out of play.
15:35 of 3rd period - Rickard Rakell wins face-off versus Alex Newhook in San Jose Sharks zone.
16:49 of 3rd period - Joel Edmundson is hit by Drew O'Connor.
17:07 of 3rd period - Sean Durzi is hit by Cam York and loses puck.
17:18 of 3rd period - Cam York is hit by Sean Durzi and loses puck.
17:22 of 3rd period - Penalty to Luke Kunin is over, Luke Kunin is back on ice.
17:57 of 3rd period - Off-side.
17:58 of 3rd period - Frederick Gaudreau wins face-off versus Morgan Geekie in neutral zone.
18:34 of 3rd period - Slapshot by Tyson Barrie.
18:34 of 3rd period - Shot Misses the Net.
18:36 of 3rd period - Slapshot by Tyson Barrie.
18:36 of 3rd period - Stopped by Ilya Samsonov without a rebound.
18:37 of 3rd period - Frederick Gaudreau wins face-off versus Alex Newhook in San Jose Sharks zone.
19:02 of 3rd period - Cam York is hit by Luke Kunin and loses puck.
19:09 of 3rd period - Snap shot by Joel Farabee.
19:09 of 3rd period - Stopped by Ilya Samsonov without a rebound.
19:10 of 3rd period - Alex Newhook wins face-off versus Dylan Strome in San Jose Sharks zone.
Goals for this period are 0 for San Jose Sharks vs 1 for Boston Bruins.
Shots for this period are 14 for San Jose Sharks vs 7 for Boston Bruins.
Back to the Top